 Dungeon Crawl Stone Soup version 0.29-a0-506-ga2e7fffb44 (webtiles) character file.

Game seed: 16688465416315722142

17552 NateTC the Severer (level 12, -3/117 HPs)
             Began as a Hill Orc Fighter on May 28, 2022.
             Was a High Priest of Beogh.
             Slain by an anaconda simulacrum (9 damage)
             ... in an ice cave.
             The game lasted 00:41:34 (14150 turns).

NateTC the Severer (Hill Orc Fighter)              Turns: 14150, Time: 00:41:34

Health: -3/117     AC: 20    Str: 22    XL:     12   Next: 49%
Magic:  12/12      EV:  2    Int:  8    God:    Beogh [*****.]
Gold:   945        SH: 11    Dex: 10    Spells: 11/11 levels left

rFire   + + +      SeeInvis +   a - +0 broad axe of Past Mistakes {holy, rF+ Str-2 Stlth+}
rCold   + + .      Faith    .   g - +2 kite shield
rNeg    . . .      Spirit   .   x - +1 plate armour
rPois   +          Reflect  .   l - +0 helmet
rElec   +          Harm     .   f - scarf {rC+ rF+}
rCorr   +          Rampage  .   (no gloves)
Will    .....                   o - +2 pair of boots {Fly}
Stlth   ..........              y - amulet of regeneration
HPRegen 1.09/turn               d - ring of see invisible
MPRegen 0.13/turn               (no ring)

@: about to teleport, resistant, flying, constricted
A: walk on water
a: Renounce Religion, Smiting, Recall Orcish Followers, Give Item to Named
Follower


You were in an ice cave.
You worshipped Beogh.
Beogh was extremely pleased with you.
You visited 2 branches of the dungeon, and saw 12 of its levels.
You also visited: Ossuary and Ice Cave.

You collected 945 gold pieces.

Inventory:

Hand Weapons
 a - the +0 broad axe of Past Mistakes (weapon) {holy, rF+ Str-2 Stlth+}
   (You acquired it on level 3 of the Dungeon)

   It has been blessed by the Shining One to cause great damage to the undead
   and demons.
   Str:       It affects your strength (-2).
   rF:        It protects you from fire.
   Stlth:     It makes you more stealthy.
 b - a +1 flail of freezing
Missiles
 p - 3 throwing nets (quivered)
Armour
 f - a scarf of resistance (worn)
 g - a +2 kite shield (worn)
 l - a +0 helmet (worn)
 o - a +2 pair of boots of flying (worn)
 x - a +1 plate armour (worn)
Jewellery
 d - a ring of see invisible (left hand)
 y - an amulet of regeneration (around neck)
Wands
 j - a wand of acid (21)
 t - a wand of digging (5)
 v - a wand of flame (22)
 E - a wand of iceblast (6)
Scrolls
 c - a scroll of blinking
 e - 5 scrolls of fog
 h - 3 scrolls of magic mapping
 i - 4 scrolls of immolation
 r - a scroll of fear
 s - 3 scrolls of teleportation
Potions
 m - 3 potions of mutation
 n - 2 potions of resistance
 q - 9 potions of curing
 u - 4 potions of flight {unknown}
 w - 3 potions of invisibility
 z - a potion of cancellation {unknown}
 A - 2 potions of ambrosia
 B - a potion of berserk rage {unknown}
 C - 3 potions of brilliance {unknown}
 D - a potion of attraction {unknown}
 F - a potion of magic


   Skills:
 * Level 14.2 Fighting
 - Level 16.3 Axes
 - Level 10.6 Armour
 - Level 7.0 Shields


You had 11 spell levels left.
You didn't know any spells.
Your spell library contained the following spells:

 Spells                   Type           Power      Damage    Failure   Level
 Magic Dart               Conj           0%         1d3       100%        1
 Slow                     Hex            0%         N/A       100%        1
 Summon Small Mammal      Summ           0%         N/A       100%        1
 Ensorcelled Hibernation  Hex/Ice        0%         N/A       100%        2
 Passwall                 Tmut/Erth      0%         N/A       100%        2
 Searing Ray              Conj           0%         2d4       100%        2
 Call Canine Familiar     Summ           0%         N/A       100%        3
 Confusing Touch          Hex            0%         N/A       100%        3
 Frozen Ramparts          Ice            0%         1d2       100%        3
 Summon Guardian Golem    Hex/Summ       0%         N/A       100%        3
 Swiftness                Air            0%         N/A       100%        3
 Vampiric Draining        Necr           0%         2d6       100%        3
 Fulminant Prism          Conj/Hex       0%         3d6       100%        4
 Ice Form                 Ice/Tmut       0%         N/A       100%        4
 Summon Ice Beast         Ice/Summ       0%         N/A       100%        4


Dungeon Overview and Level Annotations

Branches:
Dungeon (10/15)            Temple (0/1) D:7            Lair (2/6) D:10
    Orc (0/2) D:10        Ossuary (visited)           IceCv (1/1)
  Swamp: Lair:2-4    Shoals: Lair:2-4     Snake: Lair:2-4    Spider: Lair:2-4

Altars:
Vehumet

Portals:
Trove: D:10 (show slimy rune of Zot)


Message History

You hit the dire elephant simulacrum.
The dire elephant simulacrum convulses!
The anaconda simulacrum bites you but does no damage.
The anaconda simulacrum constricts you.
The dire elephant simulacrum tramples you.
* * * LOW HITPOINT WARNING * * *
You are held in place!
The dire elephant simulacrum trunk-slaps you.
* * * LOW HITPOINT WARNING * * *
The dire elephant simulacrum freezes you!
You resist.
* * * LOW HITPOINT WARNING * * *
You slash the dire elephant simulacrum!
The dire elephant simulacrum convulses!
The dire elephant simulacrum is severely damaged.
You barely miss the anaconda simulacrum.
You block the anaconda simulacrum's attack.
The anaconda simulacrum constricts you.
* * * LOW HITPOINT WARNING * * *
The anaconda simulacrum barely misses you.
The anaconda simulacrum constricts you.
The dire elephant simulacrum tramples you but does no damage.
The dire elephant simulacrum trunk-slaps you but does no damage.
You hit the dire elephant simulacrum but do no damage.
The dire elephant simulacrum is severely damaged.
You barely miss the anaconda simulacrum.
You block the anaconda simulacrum's attack.
The anaconda simulacrum constricts you.
Okay, then.
As you read the scroll of teleportation, it crumbles to dust.
You feel strangely unstable. The anaconda simulacrum bites you.
* * * LOW HITPOINT WARNING * * *
The anaconda simulacrum freezes you. You resist.
* * * LOW HITPOINT WARNING * * *
The anaconda simulacrum constricts you.
* * * LOW HITPOINT WARNING * * *
The dire elephant simulacrum tramples you but does no damage.
You block the dire elephant simulacrum's attack.
The anaconda simulacrum bites you.
* * * LOW HITPOINT WARNING * * *
The anaconda simulacrum freezes you! You resist.
You die...

..## ##...# Z44..
### ###...## .Z.Z
###...### ##.4Z
###...### ##.ZZ
###....## #####.4.
#....### ##.##...###
...### ##...##..Z.#
.########..#..###ZZ#
..###.....###...@Z##
#........## ##...##
#........8########
#...........#
..........)[#
.#.......####
####...### # #..##
..###


You could see an anaconda simulacrum, a dire elephant simulacrum, a cane toad
simulacrum and a polar bear simulacrum.

Vanquished Creatures
  2 two-headed ogres
  The ghost of Hubjo the Arsonist, a novice DEFE of Hepliaklqana (D:7)
  3 freezing wraiths (IceCv)
  A komodo dragon (D:7)
  Maggie (D:7)
  A kobold demonologist (D:6)
  A guardian mummy (D:10)
  6 ice devils (IceCv)
  A hornet (D:7)
  3 blink frogs
  3 wyverns
  Eustachio (D:6)
  A wraith (D:9)
  9 yaks
  2 steam dragons
  A dire elephant simulacrum (IceCv)
  3 death yak simulacra (IceCv)
  A harpy simulacrum (IceCv)
  2 water moccasins
  4 black bears
  7 orc warriors
  An ogre (D:6)
  3 centaurs
  9 kobold brigands
  Blork the orc (D:6)
  4 bullfrogs
  A gnoll sergeant (D:6)
  2 scorpions
  2 necrophages
  2 cane toad simulacra (Lair:2)
  A two-headed ogre simulacrum (IceCv)
  2 water moccasin zombies (Ossuary)
  6 wights (D:7)
  4 killer bees (D:8)
  A howler monkey (D:7)
  3 electric eels
  2 jellies
  6 hounds
  5 orc priests
  5 iguanas
  Jessica (D:2)
  7 orc wizards
  A spriggan simulacrum (IceCv)
  4 polar bear simulacra (IceCv)
  3 troll simulacra (IceCv)
  4 wolf simulacra
  2 mummies (Ossuary)
  11 gnolls
  9 adders
  2 shadow imps (D:7)
  2 white imps
  An ufetubus (D:5)
  3 adder zombies (Ossuary)
  6 worms
  2 dart slugs
  13 orcs
  4 ball pythons
  7 bats
  7 endoplasms
  A giant cockroach (D:3)
  6 gnoll zombies (Ossuary)
  16 goblins
  3 hobgoblins
  2 jackals (D:1)
  11 kobolds
  A quokka (D:1)
  3 frilled lizards
  5 hobgoblin zombies (Ossuary)
  4 kobold zombies (Ossuary)
  7 orc zombies (Ossuary)
  6 rats
  2 toadstools (D:2)
270 creatures vanquished.

Vanquished Creatures (collateral kills)
  Fannar (Lair:1)
  2 hydras (Lair:1)
  A black mamba (Lair:1)
  3 cane toads (Lair:2)
  A troll (D:10)
  3 blink frogs
  A basilisk (Lair:1)
  A wyvern (Lair:2)
  6 water moccasins
  2 black bears
  3 centaurs (Lair:2)
  A wolf (D:10)
  A bullfrog (Lair:2)
  A howler monkey (D:10)
  2 electric eels (Lair:1)
  3 hounds (D:10)
  A polar bear simulacrum (Lair:2)
  3 orcs
36 creatures vanquished.

Vanquished Creatures (others)
  A blink frog (Lair:2)
  2 orc warriors
  An orc priest (D:5)
  3 orc wizards
  17 orcs
  13 fungi
  20 plants
  2 toadstools (D:2)
59 creatures vanquished.

Grand Total: 365 creatures vanquished

Notes
Turn   | Place    | Note
-------+----------+-------------------------------------------
     0 | D:1      | NateTC the Hill Orc Fighter began the quest for the Orb.
     0 | D:1      | Reached XP level 1. HP: 19/19 MP: 1/1
    68 | D:1      | Found a faded altar of an unknown god.
    72 | D:1      | Reached skill level 3 in Axes
   237 | D:1      | Reached XP level 2. HP: 22/26 MP: 2/2
   343 | D:1      | Reached skill level 4 in Axes
   693 | D:1      | Reached XP level 3. HP: 29/31 MP: 3/3
  1517 | D:2      | You fall into a shaft and drop 2 floors!
  1546 | D:4      | Reached skill level 5 in Axes
  1589 | D:3      | Reached XP level 4. HP: 40/40 MP: 4/4
  2483 | D:3      | Identified a scroll of acquirement
  2483 | D:3      | Acquired the +0 broad axe of Past Mistakes {holy, rF+ Str-2
                  | Stlth+}
  2702 | D:4      | Reached skill level 6 in Axes
  2702 | D:4      | Reached XP level 5. HP: 35/46 MP: 5/5
  2971 | D:2      | Noticed Jessica
  2980 | D:2      | Killed Jessica
  3295 | D:2      | Reached skill level 7 in Axes
  3553 | D:4      | Noticed a black bear
  3563 | D:4      | Killed a black bear
  3564 | D:4      | Reached skill level 5 in Fighting
  3564 | D:4      | Reached XP level 6. HP: 44/56 MP: 6/6
  4205 | D:5      | Entered Level 5 of the Dungeon
  4250 | D:5      | Reached XP level 7. HP: 63/64 MP: 7/7
  4326 | D:5      | Became a worshipper of Beogh the Brigand
  4436 | D:5      | HP: 3/66 [poisoned by a water moccasin]
  4755 | D:5      | Reached skill level 8 in Axes
  5355 | D:6      | Found a sand-covered staircase.
  5374 | D:6      | Reached skill level 9 in Axes
  5431 | Ossuary  | Entered an ossuary
  5459 | Ossuary  | Reached XP level 8. HP: 63/73 MP: 8/8
  5543 | Ossuary  | Reached * piety under Beogh
  5729 | D:6      | Reached skill level 5 in Armour
  6132 | D:6      | Noticed Eustachio
  6148 | D:6      | Killed Eustachio
  6149 | D:6      | Reached skill level 10 in Axes
  6511 | D:6      | Noticed Blork the orc
  6520 | D:6      | Killed Blork the orc
  6521 | D:6      | Reached skill level 11 in Axes
  6826 | D:7      | Noticed a komodo dragon
  6837 | D:7      | Killed a komodo dragon
  6838 | D:7      | Reached skill level 12 in Axes
  6838 | D:7      | Reached XP level 9. HP: 47/79 MP: 9/9
  7006 | D:7      | Reached ** piety under Beogh
  7056 | D:7      | Noticed Maggie
  7065 | D:7      | Killed Maggie
  7227 | D:7      | Found a runed translucent gate.
  7228 | D:7      | Found a runed translucent gate.
  7229 | D:7      | Found a runed translucent gate.
  7231 | D:7      | Noticed a kobold demonologist
  7232 | D:7      | Noticed Hubjo's ghost (novice DEFE)
  7247 | D:7      | Found a staircase to the Ecumenical Temple.
  7444 | D:7      | Reached skill level 10 in Fighting
  7455 | D:7      | Killed Hubjo's ghost
  7571 | D:7      | Noticed a sun demon
  7574 | D:7      | HP: 2/89 [kobold brigand/+1 whip of distortion (21)]
  7587 | D:6      | HP: 4/89 [poisoned by a kobold brigand]
  8058 | D:6      | Reached XP level 10. HP: 86/96 MP: 10/10
  8110 | D:6      | Killed a kobold demonologist
  8137 | D:7      | Reached skill level 5 in Shields
  8391 | D:7      | Paralysed by a hornet for 3 turns
  8456 | D:7      | Reached *** piety under Beogh
  9820 | D:8      | Reached skill level 13 in Axes
 10348 | D:9      | Reached skill level 14 in Axes
 10447 | D:9      | Noticed a two-headed ogre
 10456 | D:9      | Killed a two-headed ogre
 10457 | D:9      | Reached XP level 11. HP: 27/104 MP: 11/11
 10678 | D:9      | Found a radiant altar of Vehumet.
 10756 | D:9      | Reached skill level 15 in Axes
 10867 | D:10     | Entered Level 10 of the Dungeon
 10878 | D:10     | Noticed a two-headed ogre
 10891 | D:10     | Killed a two-headed ogre
 10987 | D:10     | Found a portal to a secret trove of treasure.
 11120 | D:10     | Reached **** piety under Beogh
 11283 | D:10     | Found a staircase to the Orcish Mines.
 11390 | D:10     | Gained Boldo as an ally
 11491 | D:10     | Reached skill level 16 in Axes
 11618 | D:10     | Found a staircase to the Lair.
 12096 | Lair:1   | Entered Level 1 of the Lair of Beasts
 12135 | Lair:1   | Noticed a seven-headed hydra
 12146 | Lair:1   | Killed a seven-headed hydra
 12237 | Lair:1   | Noticed Fannar
 12251 | Lair:1   | Killed Fannar
 12654 | Lair:1   | Noticed a five-headed hydra
 12661 | Lair:1   | Killed a five-headed hydra
 13521 | Lair:2   | Reached skill level 10 in Armour
 13573 | Lair:2   | Reached XP level 12. HP: 56/112 MP: 12/12
 13824 | Lair:2   | Found a frozen archway.
 13845 | IceCv    | Entered an ice cave
 13885 | IceCv    | Reached ***** piety under Beogh
 14117 | IceCv    | Found an ancient bone altar of Kikubaaqudgha.
 14150 | IceCv    | Slain by an anaconda simulacrum

Illustrated notes

Levels and vault maps discovered:
D:1:      roderic_octagonal_star, layout_loops_ring,
          ebering_ecumenical_altar_mist
D:2:      layout_basic, minmay_gold_behind_fungi,
          minmay_fractal_squares_gapless_5, uniq_jessica
D:3:      layout_basic
D:4:      layout_loops_ring
D:5:      layout_loops_corners, bh_walls_and_bars
D:6:      layout_loops_ring, chequers_ossuary_entry_cave,
          ebering_dispersal_statue_hall, minmay_misc_feat_iff,
          uniq_blork_the_orc, uniq_eustachio
D:7:      layout_basic, minmay_temple_entry_grid, gammafunk_ghost_nasty_kobolds,
          minmay_increasing_density, uniq_maggie
D:8:      layout_loops_corners
D:9:      layout_basic, mainiacjoe_overflow_small_starburst,
          hangedman_abyss_or_decor_passed
D:10:     layout_loops_corners, erik_lair_island, david_orc_4,
          nicolae_trove_entry_path_of_doom
Lair:1:   layout_gridlike, disabler_island, uniq_fannar
Lair:2:   layout_cave_pods, minmay_shoals_entry_centaurs,
          portal_ice_cave_entry_ice_simulacra
IceCv:    ice_cave_small_necro

Skill      XL: |  1  2  3  4  5  6  7  8  9 10 11 12 |
---------------+-------------------------------------+-----
Axes           | 3 4 5 6 7 9 12 14 16 | 16.3
Fighting       | 4 5 6 7 11 12 14 | 14.2
Shields        | 4 7 |  7.0
Armour         | 6 10 | 10.6

Action                   |  1- 3 |  4- 6 |  7- 9 | 10-12 || total
-------------------------+-------+-------+-------+-------++-------
Melee: War axe           |    99 |    54 |       |       ||   153
       Broad axe         |       |    95 |   276 |   433 ||   804
       Flail             |       |       |       |     8 ||     8
Invok: Convert to Beogh  |       |       |     1 |       ||     1
  Use: Scroll            |     5 |     7 |     5 |     8 ||    25
       Potion            |       |       |     3 |     7 ||    10
 Stab: Distracted        |       |       |       |     1 ||     1
       Confused          |       |       |       |     1 ||     1
Armor: Scale mail        |    50 |    60 |       |       ||   110
       Chain mail        |       |     3 |   113 |       ||   116
       Plate armour      |       |       |    20 |   249 ||   269
Dodge: Dodged            |    33 |    26 |    60 |    85 ||   204
Block: Buckler           |    22 |       |       |       ||    22
       Kite shield       |     8 |    87 |   156 |   258 ||   509

Table legend: (Time is in decaauts)
 A = Elapsed time spent in this place.
 B = Non-inter-level travel time spent in this place.
 C = Inter-level travel time spent in this place.
 D = Time resting spent in this place.
 E = Time spent auto-exploring this place.
 F = Levels seen in this place.
 G = Mean time per level.
                   A        B        C        D        E       F      G
               +--------+--------+--------+--------+--------+-----+--------+
         Total |  14339 |  13832 |    507 |   4053 |   4036 |  14 | 1024.2 |
       Dungeon |  12019 |  11536 |    483 |   3208 |   3733 |  10 | 1201.9 |
          Lair |   1741 |   1718 |     23 |    622 |    303 |   2 |  870.5 |
       Ossuary |    269 |    269 |      0 |    111 |      0 |   1 |  269.0 |
      Ice Cave |    309 |    309 |      0 |    112 |      0 |   1 |  309.0 |
               +--------+--------+--------+--------+--------+-----+--------+

Top non-repeatable levels by time:
     D:7: 1833 daAuts
     D:6: 1763 daAuts
  Lair:1: 1310 daAuts
     D:8: 1230 daAuts
    D:10: 1223 daAuts
     D:3: 1193 daAuts
     D:5: 1115 daAuts
     D:2: 1053 daAuts
     D:1: 1044 daAuts
     D:4: 1008 daAuts
     D:9: 553 daAuts
  Lair:2: 430 daAuts
   IceCv: 309 daAuts
 Ossuary: 269 daAuts
